 Dungeon Crawl Stone Soup version 0.28.0-53-g5a82cb258f (webtiles) character file.

Game seed: 3715739314275402523

245722 mortz the Unseen (level 19, -17/149 HPs)
             Began as a Gnoll Enchanter on July 21, 2022.
             Was the Champion of Vehumet.
             Killed from afar by an ironbound thunderhulk (52 damage)
             ... with a bolt of lightning
             ... on level 2 of the Vaults on Aug 13, 2022.
             The game lasted 08:19:28 (70215 turns).

mortz the Unseen (Gnoll Enchanter)                 Turns: 70215, Time: 08:19:28

Health: -17/149    AC: 29    Str: 14    XL:     19   Next: 48%
Magic:  42/46      EV: 17    Int: 27    God:    Vehumet [******]
Gold:   1044       SH: 16    Dex: 16    Spells: 3/46 levels left

rFire   . . .      SeeInvis +   a - +3 short sword of the Vestibule of Hell {vorpal, Str+5 Stlth+, short}
rCold   . . .      Faith    .   C - +3 kite shield {AC+3}
rNeg    . . .      Spirit   .   d - +5 ring mail "Uhuedefa" {rPois SInv}
rPois   +          Reflect  .   J - +2 helmet {Int+3}
rElec   .          Harm     .   Q - +1 cloak {rCorr}
rCorr   +          Rampage  .   K - +2 pair of gloves {Stlth+}
Will    +....                   s - +2 pair of boots
Stlth   ++++++++..              E - amulet of regeneration {@e2}
HPRegen 1.14/turn               l - +6 ring of intelligence
MPRegen 0.30/turn               v - ring of magical power

@: studying 2 skills
A: fangs 1, strong nose, distributed training
}: 2/15 runes: serpentine, barnacled
a: Renounce Religion


You were on level 2 of the Vaults.
You worshipped Vehumet.
Vehumet was exalted by your worship.
You visited 7 branches of the dungeon, and saw 34 of its levels.
You visited the Abyss 1 time.
You also visited: Gauntlet.

You collected 3185 gold pieces.
You spent 2141 gold pieces at shops.


Innate Abilities, Weirdness & Mutations

You have very sharp teeth.
Your uncanny sense of smell can sniff out nearby items.
Your experience applies equally to all skills.


   Skills:
 + Level 13.1 Fighting
 + Level 13.3 Short Blades
 + Level 13.1 Long Blades
 + Level 13.1 Axes
 + Level 13.1 Maces & Flails
 + Level 13.1 Polearms
 + Level 13.1 Staves
 + Level 13.1 Slings
 + Level 13.1 Bows
 + Level 13.1 Crossbows
 + Level 13.1 Throwing
 + Level 13.1 Armour
 + Level 13.8 Dodging
 + Level 16.5 Stealth
 + Level 13.1 Shields
 + Level 13.1 Unarmed Combat
 + Level 14.0 Spellcasting
 + Level 11.1 Conjurations
 + Level 12.3 Hexes
 + Level 11.1 Summonings
 + Level 11.1 Necromancy
 + Level 14.7 Translocations
 + Level 11.1 Transmutations
 + Level 11.1 Fire Magic
 + Level 11.1 Ice Magic
 + Level 11.1 Air Magic
 + Level 11.1 Earth Magic
 + Level 11.1 Poison Magic
 + Level 14.2 Invocations
 + Level 13.1 Evocations


You had 3 spell levels left.
You knew the following spells:

 Your Spells              Type           Power      Damage    Failure   Level
a - Iskenderun's Battles  Conj           68%        2d12      1%          5
c - Stone Arrow           Conj/Erth      100%       3d13      1%          3
d - Passwall              Tmut/Erth      56%        N/A       1%          2
e - Mephitic Cloud        Conj/Pois/Air  68%        N/A       1%          3
f - Inner Flame           Hex/Fire       70%        N/A       1%          3
g - Hailstorm             Conj/Ice       68%        3d14      1%          4
h - Airstrike             Air            34%        N/A       1%          4
i - Freezing Cloud        Conj/Ice/Air   34%        6-21      1%          5
j - Flame Wave            Conj/Fire      68%        2d13      1%          4
k - Irradiate             Conj/Tmut      34%        3d25      1%          5
l - Lightning Bolt        Conj/Air       34%        1d51      1%          5

Your spell library contained the following spells:

 Spells                   Type           Power      Damage    Failure   Level
 Spellforged Servitor     Conj/Summ      34%        N/A       21%         7
 Foxfire                  Conj/Fire      100%       2x1d9     1%          1
 Freeze                   Ice            100%       1d11      1%          1
 Magic Dart               Conj           100%       1d8       1%          1
 Pain                     Necr           100%       1d9       1%          1
 Sandblast                Erth           100%       2d20      1%          1
 Shock                    Conj/Air       100%       1d9       1%          1
 Call Imp                 Summ           68%        N/A       1%          2
 Corpse Rot               Necr/Air       100%       N/A       1%          2
 Ensorcelled Hibernation  Hex/Ice        100%       N/A       1%          2
 Poisonous Vapours        Pois/Air       100%       N/A       1%          2
 Static Discharge         Conj/Air       68%        N/A       1%          2
 Sublimation of Blood     Necr           68%        N/A       1%          2
 Confusing Touch          Hex            72%        N/A       1%          3
 Conjure Flame            Conj/Fire      68%        6-21      1%          3
 Dazzling Flash           Conj/Hex       100%       N/A       1%          3
 Frozen Ramparts          Ice            100%       1d12      1%          3
 Ozocubu's Armour         Ice            68%        N/A       1%          3
 Summon Guardian Golem    Hex/Summ       70%        N/A       1%          3
 Swiftness                Air            68%        N/A       1%          3
 Tukima's Dance           Hex            72%        N/A       1%          3
 Anguish                  Hex/Necr       35%        N/A       1%          4
 Animate Armour           Summ/Erth      100%       N/A       1%          4
 Passage of Golubria      Tloc           78%        N/A       1%          4
 Petrify                  Tmut/Erth      68%        N/A       1%          4
 Metabolic Englaciation   Hex/Ice        35%        N/A       1%          5
 Summon Forest            Summ/Tloc      36%        N/A       1%          5
 Yara's Violent Unravell  Hex/Tmut       35%        3d14      1%          5
 Agony                    Necr           68%        N/A       2%          5
 Excruciating Wounds      Necr           34%        N/A       2%          5
 Conjure Ball Lightning   Conj/Air       34%        3x3d11    4%          6
 Eringya's Noxious Bog    Tmut/Pois      34%        N/A       4%          6
 Simulacrum               Ice/Necr       34%        N/A       14%         6
 Enfeeble                 Hex            36%        N/A       43%         7
 Summon Hydra             Summ           34%        N/A       63%         7
 Lehudib's Crystal Spear  Conj/Erth      34%        10d9      80%         8
 Maxwell's Capacitive Co  Air            34%        ∞         80%         8
 Summon Horrible Things   Summ           34%        N/A       99%         8

Inventory:

Hand Weapons
 a - the +3 short sword of the Vestibule of Hell (weapon) {vorpal, Str+5 Stlth+, short}
   (You found it on level 4 of the Shoals)

   It inflicts extra damage upon your enemies.
   Str:       It affects your strength (+5).
   Stlth:     It makes you more stealthy.
 b - the +4 trident of Due Proportion {vorpal, Fly Int+3 Dex+4, polearm}
   (You found it on level 1 of the Snake Pit)

   It inflicts extra damage upon your enemies.
   Int:       It affects your intelligence (+3).
   Dex:       It affects your dexterity (+4).
   Fly:       It grants you flight.
 z - the +7 captain's cutlass {speed, disarm}
   (You acquired it on level 7 of the Dungeon)

   Attacks with this weapon are significantly faster.
   It may disarm weapon-wielding foes when striking them, dealing extra damage
   in the process.
Armour
 d - the +5 ring mail "Uhuedefa" (worn) {rPois SInv}
   (You found it in a Gauntlet)

   rPois:     It protects you from poison.
   SInv:      It lets you see invisible.
 s - a +2 pair of boots (worn)
   (You found it on level 4 of the Dungeon)
 x - the +8 ice dragon scales of Wamurr {rF- rC++ Int+2}
   (You found it in a Gauntlet)

   Int:       It affects your intelligence (+2).
   rF:        It makes you vulnerable to fire.
   rC:        It greatly protects you from cold.
 C - a +3 kite shield of protection (worn)
   (You took it off a tengu warrior on level 15 of the Dungeon)
 H - the +9 scales of the Dragon King {rPois rF+ rC+ Will+}
   (You found it on level 4 of the Snake Pit)

   rF:        It protects you from fire.
   rC:        It protects you from cold.
   rPois:     It protects you from poison.
   Will:      It increases your willpower.
 J - a +2 helmet of intelligence (worn)
   (You found it in a Gauntlet)
 K - a +2 pair of gloves of stealth (worn)
   (You bought it in a shop on level 2 of the Orcish Mines)
 N - +0 fire dragon scales
   (You found it on level 6 of the Lair of Beasts)
 Q - a +1 cloak of preservation (worn)
   (You bought it in a shop on level 2 of the Orcish Mines)
 R - a +0 troll leather armour
   (You found it on level 12 of the Dungeon)
Magical Staves
 S - a staff of air {!astaff}
   (You found it on level 4 of the Snake Pit)
Jewellery
 l - a +6 ring of intelligence (left hand)
   (You found it in a Gauntlet)
 v - a ring of magical power (right hand)
   (You found it on level 5 of the Dungeon)
 E - an amulet of regeneration (around neck) {@e2}
   (You found it on level 4 of the Snake Pit)
 F - a ring of see invisible
   (You found it on level 8 of the Dungeon)
 G - a ring of flight
   (You found it on level 7 of the Dungeon)
 O - a ring of protection from fire
   (You found it on level 9 of the Dungeon)
 T - a ring of resist corrosion
   (You found it on level 3 of the Dungeon)
 Y - a +4 ring of protection
   (You found it on level 3 of the Lair of Beasts)
Wands
 r - a wand of iceblast (16)
   (You found it on level 3 of the Dungeon)
 w - a wand of flame (75)
   (You found it on level 2 of the Lair of Beasts)
 y - a wand of paralysis (5)
   (You found it on level 5 of the Dungeon)
 B - a wand of digging (7)
   (You found it on level 8 of the Dungeon)
 P - a wand of acid (18)
   (You took it off Joseph on level 9 of the Dungeon)
 V - a wand of mindburst (28)
   (You found it on level 2 of the Lair of Beasts)
 Z - a wand of charming (3)
   (You found it on level 3 of the Lair of Beasts)
Scrolls
 f - 13 scrolls of teleportation {@r4}
 h - a scroll of fear
 p - 2 scrolls of immolation {!r!r}
 q - 2 scrolls of fog
 t - 3 scrolls of summoning
 D - 6 scrolls of magic mapping {!r}
 L - 4 scrolls of amnesia
 M - 3 scrolls of blinking {!r}
 W - 7 scrolls of enchant weapon
Potions
 c - 5 potions of invisibility
 i - 8 potions of curing {@q1}
 j - 2 potions of attraction {!q}
 k - 8 potions of heal wounds {@q2}
 m - 3 potions of brilliance
 n - a potion of resistance
 o - 3 potions of cancellation
 u - 6 potions of might
 A - 4 potions of mutation {!q}
 I - 2 potions of haste {@q3}
 X - 2 potions of magic
Miscellaneous
 e - a tin of tremorstones (2/2) {throwing}
   (You found it on level 5 of the Lair of Beasts)
 g - a box of beasts
   (You found it on level 2 of the Shoals)
 U - a lightning rod (4/4)
   (You found it on level 4 of the Shoals)

Dungeon Overview and Level Annotations

Branches:
Dungeon (15/15)            Temple (1/1) D:7            Lair (6/6) D:11
 Shoals (4/4) Lair:2        Snake (4/4) Lair:2        Slime (0/5) Lair:5
    Orc (2/2) D:9             Elf (0/3) Orc:2        Vaults (2/5) D:13
 Depths (0/4) D:15        Gauntlet (visited)
  Crypt: Vaults:2-3

Altars:
Ashenzari
Cheibriados
Dithmenos
Elyvilon
Fedhas
Gozag
Hepliaklqana
Kikubaaqudgha
Makhleb
Nemelex Xobeh
Okawaru
Qazlal
Ru
Sif Muna
Trog
Uskayaw
Vehumet
Wu Jian
Xom
Yredelemnul
Zin
The Shining One
Beogh
Jiyva

Shops:
D:9 (   D:11 *   Orc:1 **   Orc:2 [*(:   Shoals:3 (   Snake:2 [[((!   Snake:4 [

Portals:
Trove: D:12 (give +6 demon blade)

Annotations:
D:2 exclusion: endoplasm, Terence
D:4 3 runed translucent doors, Valamore's ghost, amateur GnWn
D:5 3 runed translucent doors, safid's ghost, novice HOFi
D:8 exclusion: oklob plant
D:9 exclusion: downstairs
D:10 2 transporters, exclusion: obsidian statue, LustLizard's ghost, journeyman MiBe
Shoals:1 2 transporters, wrshamilton's ghost, adept GnBr
Shoals:2 1 runed translucent door, Ufyddiap's ghost, adept GrEE
Shoals:4 1 runed translucent door, Mara; jujuben's ghost, adept MfGl
Snake:2 2 transporters, mif's ghost, journeyman MiBe

#......'......#
#####''##......#
#......#####'#+##
#......##.......#
#....<.##.......#
#......##..>....#
#......##.......#
#......##.......#
#########..@.*..#
#..[.).)#
####T####
#....[O†#
#.....#.# #....#
.# #..)# .# #..#
.# #.. .+


You could see an ironbound thunderhulk (ally target), a deep troll and a
friendly battlesphere.


Message History

The deep troll is engulfed in noxious fumes.
Your Spellcasting skill increases to level 14! 😮 HP[-2] MP[-1]
You take 2 damage, and now have 94/149 hp.
A wave of flame ripples out!
The flame wave engulfs the deep troll!
The flame wave engulfs the ironbound preserver!
The flame wave engulfs the deep troll.
You hear a shout!
The flame wave engulfs the deep troll!
The flame wave engulfs the ironbound preserver.
The ironbound preserver resists.
The flame wave engulfs the deep troll!
The flame wave engulfs the boggart! x2; You finish channelling waves of flame.
Your battlesphere fires!
The barrage of energy hits the ironbound preserver.
You kill the ironbound preserver!
Vehumet accepts your kill.
The boggart mumbles some strange words.
The boggart blinks!
The boggart casts a spell.
The deep troll closely misses you. The deep troll misses you.
The deep troll claws you. You block the deep troll's attack.
The deep troll closely misses you.
You block the deep troll's attack. 😮 HP[-5] MP[-1]
You take 5 damage, and now have 89/149 hp.
You lost 1 mp, and now have 43/46 mp.
Casting: Flame Wave (safe; 1% risk of failure)
Confirm with . or Enter, or press ? or * to list all spells.
Aiming: Freezing Cloud (mildly dangerous; 1% risk of failure)
Press: ? - help, Dir - move target, f - deep troll
Aim: a deep troll (heavily wounded, summoned)
Okay, then.
Casting: Freezing Cloud (mildly dangerous; 1% risk of failure)
Confirm with . or Enter, or press ? or * to list all spells.
Casting: Hailstorm (safe; 1% risk of failure)
Press: ? - help, Dir - look around, f - activate A cannonade of hail descends around you!
The hail pelts the ironbound preserver.
The hail pelts the boggart!!
You kill the boggart!
Vehumet accepts your kill.
You feel your power returning.
The ironbound preserver dissolves into shadows!
The deep troll dissolves into shadows! x2; The hail pelts the deep troll.
Strange energies crackle from the ironbound thunderhulk's apparatus.
The ironbound thunderhulk blinks!
The deep troll bites you!
You block the deep troll's attack. x2 😮 HP[-6] MP[-1]
You take 6 damage, and now have 83/149 hp.
You lost 1 mp, and now have 42/46 mp.
Casting: Hailstorm (safe; 1% risk of failure)
Confirm with . or Enter, or press ? or * to list all spells.
Casting: Hailstorm (safe; 1% risk of failure)
Press: ? - help, Dir - look around, f - activate
Okay, then.
Casting: Hailstorm (safe; 1% risk of failure)
Confirm with . or Enter, or press ? or * to list all spells.
Casting: Flame Wave (safe; 1% risk of failure)
Press: ? - help, Dir - look around, f - activate A wave of flame ripples out!
The flame wave engulfs the deep troll!
You kill the deep troll!
Vehumet accepts your kill.
You feel your power returning.
The troll leather armour is intact enough to wear.
The flame wave engulfs the deep troll! (Press . to intensify the flame waves.)
The boggart mumbles some strange words.
You block the deep troll's attack. x2; The deep troll closely misses you. 😮 HP[+1] MP[-2]
You lost 2 mp, and now have 40/46 mp.
A wave of flame ripples out!
The flame wave engulfs the deep troll!
You kill the deep troll!
Vehumet accepts your kill.
You feel your power returning.
Your battlesphere fires!
The barrage of energy hits the boggart!!
You kill the boggart!
Vehumet accepts your kill.
You feel your power returning.
The wizard dissolves into shadows!
The ironbound frostheart dissolves into shadows!
Electricity crackles from the ironbound thunderhulk's apparatus.
The bolt of lightning hits you!!!
* * * LOW HITPOINT WARNING * * *
😱 HP[-53] MP[+3]
You take 53 damage, and now have 31/149 hp.
MASSIVE DAMAGE!! (PAUSE)
You regained 3 mp, and now have 43/46 mp.
A wave of flame ripples out!
The flame wave engulfs the ironbound thunderhulk! 😱 HP[+2]
You regained 2 hp, and now have 33/149 hp.
A wave of flame ripples out!
The flame wave engulfs the deep troll!
The flame wave engulfs the ironbound thunderhulk!!
You finish channelling waves of flame.
Your battlesphere fires!
The barrage of energy hits the ironbound thunderhulk! 😱 HP[+1] MP[-1]
You lost 1 mp, and now have 42/46 mp.
You swap places.
Electricity crackles from the ironbound thunderhulk's apparatus.
The bolt of lightning hits you!!!
You die...

Skill      XL: |  1  2  3  4  5  6  7  8  9 10 11 12 13 14 15 16 17 18 19 |
---------------+----------------------------------------------------------+-----
Spellcasting   | 5 6 7 8 9 10 11 12 13 14 | 14.0
Stealth        | 6 7 8 9 10 11 12 13 14 16 | 16.5
Invocations    | 1 2 3 4 5 6 7 8 9 10 11 12 13 14 | 14.2
Fighting       | 1 2 3 4 5 6 7 8 9 10 11 12 13 | 13.1
Long Blades    | 1 2 3 4 5 6 7 8 9 10 11 12 13 | 13.1
Axes           | 1 2 3 4 5 6 7 8 9 10 11 12 13 | 13.1
Maces & Flails | 1 2 3 4 5 6 7 8 9 10 11 12 13 | 13.1
Polearms       | 1 2 3 4 5 6 7 8 9 10 11 12 13 | 13.1
Staves         | 1 2 3 4 5 6 7 8 9 10 11 12 13 | 13.1
Slings         | 1 2 3 4 5 6 7 8 9 10 11 12 13 | 13.1
Bows           | 1 2 3 4 5 6 7 8 9 10 11 12 13 | 13.1
Crossbows      | 1 2 3 4 5 6 7 8 9 10 11 12 13 | 13.1
Throwing       | 1 2 3 4 5 6 7 8 9 10 11 12 13 | 13.1
Armour         | 1 2 3 4 5 6 7 8 9 10 11 12 13 | 13.1
Shields        | 1 2 3 4 5 6 7 8 9 10 11 12 13 | 13.1
Unarmed Combat | 1 2 3 4 5 6 7 8 9 10 11 12 13 | 13.1
Evocations     | 1 2 3 4 5 6 7 8 9 10 11 12 13 | 13.1
Conjurations   | 1 2 3 4 5 6 7 8 9 10 11 | 11.1
Summonings     | 1 2 3 4 5 6 7 8 9 10 11 | 11.1
Necromancy     | 1 2 3 4 5 6 7 8 9 10 11 | 11.1
Translocations | 1 2 3 4 5 6 8 9 10 11 12 13 14 | 14.7
Transmutations | 1 2 3 4 5 6 7 8 9 10 11 | 11.1
Fire Magic     | 1 2 3 4 5 6 7 8 9 10 11 | 11.1
Ice Magic      | 1 2 3 4 5 6 7 8 9 10 11 | 11.1
Air Magic      | 1 2 3 4 5 6 7 8 9 10 11 | 11.1
Earth Magic    | 1 2 3 4 5 6 7 8 9 10 11 | 11.1
Poison Magic   | 1 2 3 4 5 6 7 8 9 10 11 | 11.1
Short Blades   | 3 4 5 6 7 8 9 10 11 12 13 | 13.3
Dodging        | 5 6 7 8 9 10 11 12 13 | 13.8
Hexes          | 6 7 8 9 10 11 12 | 12.3

Action                   |  1- 3 |  4- 6 |  7- 9 | 10-12 | 13-15 | 16-18 | 19-21 || total
-------------------------+-------+-------+-------+-------+-------+-------+-------++-------
Melee: Dagger            |    96 |    92 |    58 |       |       |       |       ||   246
       Bite              |     6 |     8 |     5 |    22 |     1 |    24 |     4 ||    70
       Punch             |     1 |     1 |     1 |     2 |     5 |       |       ||    10
       Cutlass           |       |       |       |   180 |    61 |   106 |       ||   347
       Staff             |       |       |       |       |     4 |       |       ||     4
       Trident           |       |       |       |       |       |    48 |       ||    48
       Short sword       |       |       |       |       |       |    17 |    11 ||    28
 Cast: Ensorcelled Hiber |    20 |    22 |    24 |    20 |       |     1 |       ||    87
       Stone Arrow       |       |       |    53 |   356 |   978 |   408 |    49 ||  1844
       Confusing Touch   |       |       |     2 |       |     2 |     1 |       ||     5
       Inner Flame       |       |       |       |    11 |       |    93 |    15 ||   119
       Mephitic Cloud    |       |       |       |     1 |       |    11 |    15 ||    27
       Airstrike         |       |       |       |       |     6 |   579 |     5 ||   590
       Passwall          |       |       |       |       |     2 |     1 |       ||     3
       Freezing Cloud    |       |       |       |       |       |    56 |     9 ||    65
       Flame Wave        |       |       |       |       |       |    11 |     3 ||    14
       Irradiate         |       |       |       |       |       |    10 |     5 ||    15
       Hailstorm         |       |       |       |       |       |     7 |     1 ||     8
       Lightning Bolt    |       |       |       |       |       |    25 |    39 ||    64
       Iskenderun's Batt |       |       |       |       |       |     7 |    22 ||    29
  Use: Scroll            |     2 |     5 |     7 |    11 |     6 |     9 |       ||    40
       Potion            |       |       |     2 |       |     1 |     1 |       ||     4
 Stab: Sleeping          |    21 |    32 |    18 |    21 |    23 |    39 |     1 ||   155
       Confused          |       |       |       |     1 |       |     2 |       ||     3
       Distracted        |       |       |       |       |       |     1 |       ||     1
Armor: Robe              |    10 |    19 |    32 |    22 |       |       |       ||    83
       Acid dragon scale |       |       |       |    90 |   116 |       |       ||   206
       Troll leather arm |       |       |       |       |   141 |       |       ||   141
       Fire dragon scale |       |       |       |       |    23 |     1 |       ||    24
       Ring mail         |       |       |       |       |       |   292 |    13 ||   305
Dodge: Dodged            |    37 |    40 |    70 |   245 |   579 |   361 |    28 ||  1360
Block: Kite shield       |       |       |       |       |     2 |   584 |    34 ||   620

Levels and vault maps discovered:
D:1:      elethiomel_arrival_diamonds, layout_basic,
          chequers_ecumenical_altar_simple_redux,
          hangedman_decor_clover_reticule
D:2:      layout_rooms, serial_bayou, serial_bayou_pond_e, serial_bayou_pond_d,
          serial_bayou_pond_e, serial_bayou_pond_b, uniq_terence
D:3:      layout_basic
D:4:      layout_loops_ring, gammafunk_ghost_split, kennysheep_doodads,
          grunt_tough_drop
D:5:      layout_basic, gammafunk_ghost_icy
D:6:      layout_cave_pools
D:7:      kennysheep_windowed_halls, layout_basic, temple_hall,
          hangedman_abyss_or_decor_stagger
D:8:      lemuel_slime, layout_basic, roderic_batcave, minmay_manual_mullet,
          uniq_prince_ribbit1
D:9:      layout_long_grid, erik_orc_1, minmay_misc_feat_more_columns,
          nicolae_shop_firing_range, uniq_joseph, uniq_pikel
D:10:     layout_long_grid, mainiacjoe_overflow_alcove_2, gammafunk_ghost_arena,
          minivault_16, grunt_potential
D:11:     layout_irregular_city, grunt_lair_entry_orc_guard_hut,
          chequers_serial_rivers_marsh, nicolae_elemental_shop, uniq_nergalle
D:12:     layout_stronghold, nicolae_trove_entry_isolated, uniq_maurice
D:13:     layout_stronghold, david_vaults_2, serial_ice, serial_ice_i,
          serial_ice_a, serial_ice_n, serial_ice_g
D:14:     layout_small_grid, nicolae_uskayaw_dance_hall, gauntlet_entry_generic,
          minmay_puff
D:15:     grunt_enter_depths_magical_seal, layout_basic,
          kennysheep_pointless_box
Temple:   mainiacjoe_temple_circle_huts
Lair:1:   layout_gridlike
Lair:2:   layout_small_grid, elwin_shoals_entry_rocks, dummy_snake_entry,
          basic_altar, grunt_megastairs_2, lemuel_fruit_tree,
          serial_bayou_shore_a
Lair:3:   layout_chaotic_city, uniq_sonja
Lair:4:   layout_loops_ring, special_room [special_room_bee], serial_rivers,
          chequers_serial_rivers_micro_b, chequers_serial_rivers_micro_a,
          chequers_serial_rivers_small_3, chequers_serial_rivers_large_a,
          chequers_serial_rivers_large_b
Lair:5:   layout_gridlike, slime_altar_1, minmay_lair_oklob_bushes,
          grunt_forest_small_clearing_treed
Lair:6:   guppyfry_lair_end_dragon, layout_loops_ring, st_stairs_11,
          serial_bayou_lake_a, grunt_megastairs_5, uniq_kirke
Shoals:1: layout_shoals, ebering_ghost_davey_jones
Shoals:2: layout_shoals, hellmonk_ghost_happy_afterlife
Shoals:3: argonaut_golden_fleece, layout_shoals, serial_shops, shop
Shoals:4: shoals_end_grunt_garden, layout_shoals, ebering_ghost_reflecting_pool,
          uniq_mara, uniq_polyphemus
Snake:1:  layout_misc_corridors, ebering_ghost_reflecting_pool,
          nicolae_snake_salamander_zone, uniq_azrael
Snake:2:  layout_cave_shapes, serial_shops, nicolae_shop_statue_plus,
          nicolae_shop_waterfront, nicolae_shop_crystal,
          gammafunk_ghost_wrathful_warriors, nicolae_snake_gridmaze_entwining,
          minmay_shoptagon
Snake:3:  layout_grid_maze, portal_ice_cave_entry_pillars_2
Snake:4:  hellmonk_snake_rune_quicksilver_temple, layout_misc_corridors,
          serial_shops, nicolae_shop_statue_plus
Orc:1:    layout_caves, nicolae_specific_store, nicolae_orc_lost_temple
Orc:2:    grunt_orc_gardens, layout_caves, grunt_orc_garden, grunt_orc_garden,
          grunt_orc_garden, grunt_orc_garden, nicolae_orc_pool_cavern,
          nicolae_orc_rockfall
Vaults:1: hangedman_vaults_corner_blocks, dpeg_vaults_monster_box,
          nicolae_vaults_shelves_hall, nicolae_vaults_rhombus_5,
          nicolae_vaults_network_barrier, vaults_dpeg_cross,
          nicolae_vaults_what_the_h, hangedman_vaults_hat,
          nicolae_vaults_shelves_hall, layout_vaults_omnigrid
Vaults:2: hangedman_vaults_stretched_pinwheel, hangedman_vaults_pinch,
          vaults_mumra_chevron_long, nicolae_vaults_big_angled_halls, st_star,
          v_rooms_2, v_pattern_4, vaults_room_octagon, nicolae_vaults_arrows,
          nicolae_vaults_network_quinsquares
          [nicolae_vaults_network_quincunx_subvault,
          nicolae_vaults_network_quincunx_subvault,
          nicolae_vaults_network_quincunx_subvault,
          nicolae_vaults_network_quincunx_subvault], vaults_standard_mumra_x,
          vaults_room_pool, nicolae_vaults_little_squares_6,
          vaults_dpeg_encased_lava, layout_vaults_maze, serial_shops,
          nicolae_shop_trees

Notes
Turn   | Place    | Note
-------+----------+-------------------------------------------
     0 | D:1      | mortz the Gnoll Enchanter began the quest for the Orb.
     0 | D:1      | Reached XP level 1. HP: 13/13 MP: 6/6
     0 | D:1      | magus.rc [v1.9.6]
   127 | D:1      | Reached XP level 2. HP: 14/19 MP: 7/7
   290 | D:1      | Learned a level 2 spell: Ensorcelled Hibernation
   525 | D:1      | Found a faded altar of an unknown god.
  1042 | D:1      | You pick up a book of Burglary and begin reading...
  1042 | D:1      | You add the spells Passwall and Swiftness to your library.
  1051 | D:1      | Reached XP level 3. HP: 23/25 MP: 6/9
  1204 | D:1      | Reached skill level 5 in Spellcasting
  1387 | D:2      | Reached skill level 6 in Stealth
  1463 | D:2      | Reached skill level 1 in Invocations
  1750 | D:2      | Noticed Terence
  2029 | D:3      | Reached skill level 1 in Fighting
  2029 | D:3      | Reached skill level 1 in Long Blades
  2029 | D:3      | Reached skill level 1 in Axes
  2029 | D:3      | Reached skill level 1 in Maces & Flails
  2029 | D:3      | Reached skill level 1 in Polearms
  2029 | D:3      | Reached skill level 1 in Staves
  2029 | D:3      | Reached skill level 1 in Slings
  2029 | D:3      | Reached skill level 1 in Bows
  2029 | D:3      | Reached skill level 1 in Crossbows
  2029 | D:3      | Reached skill level 1 in Throwing
  2029 | D:3      | Reached skill level 1 in Armour
  2029 | D:3      | Reached skill level 1 in Shields
  2029 | D:3      | Reached skill level 1 in Unarmed Combat
  2029 | D:3      | Reached skill level 1 in Evocations
  2079 | D:3      | You pick up a book of Frost and begin reading...
  2079 | D:3      | You add the spells Freeze, Frozen Ramparts and Hailstorm to
                  | your library.
  2186 | D:3      | Reached XP level 4. HP: 32/32 MP: 4/11
  2405 | D:3      | You pick up a book of Maledictions and begin reading...
  2405 | D:3      | You add the spells Anguish and Enfeeble to your library.
  3170 | D:4      | Reached skill level 1 in Conjurations
  3170 | D:4      | Reached skill level 1 in Summonings
  3170 | D:4      | Reached skill level 1 in Necromancy
  3170 | D:4      | Reached skill level 1 in Translocations
  3170 | D:4      | Reached skill level 1 in Transmutations
  3170 | D:4      | Reached skill level 1 in Fire Magic
  3170 | D:4      | Reached skill level 1 in Ice Magic
  3170 | D:4      | Reached skill level 1 in Air Magic
  3170 | D:4      | Reached skill level 1 in Earth Magic
  3170 | D:4      | Reached skill level 1 in Poison Magic
  3234 | D:4      | Noticed Valamore's ghost (amateur GnWn)
  3235 | D:4      | Found a runed translucent gate.
  3236 | D:4      | Found a runed translucent gate.
  3236 | D:4      | Found a runed translucent gate.
  3243 | D:4      | Reached XP level 5. HP: 35/37 MP: 9/12
  3293 | D:4      | Reached skill level 3 in Short Blades
  3376 | D:4      | Learned a level 3 spell: Confusing Touch
  3504 | D:4      | Noticed a necrophage
  4283 | D:5      | Entered Level 5 of the Dungeon
  4377 | D:5      | Reached skill level 2 in Invocations
  4377 | D:5      | Reached XP level 6. HP: 44/44 MP: 13/13
  4458 | D:5      | Reached skill level 5 in Dodging
  4464 | D:5      | Reached skill level 2 in Fighting
  4464 | D:5      | Reached skill level 2 in Long Blades
  4464 | D:5      | Reached skill level 2 in Axes
  4464 | D:5      | Reached skill level 2 in Maces & Flails
  4464 | D:5      | Reached skill level 2 in Polearms
  4464 | D:5      | Reached skill level 2 in Staves
  4464 | D:5      | Reached skill level 2 in Slings
  4464 | D:5      | Reached skill level 2 in Bows
  4464 | D:5      | Reached skill level 2 in Crossbows
  4464 | D:5      | Reached skill level 2 in Throwing
  4464 | D:5      | Reached skill level 2 in Armour
  4464 | D:5      | Reached skill level 2 in Shields
  4464 | D:5      | Reached skill level 2 in Unarmed Combat
  4464 | D:5      | Reached skill level 2 in Evocations
  4568 | D:5      | You pick up a book of Armaments and begin reading...
  4568 | D:5      | You add the spells Stone Arrow, Animate Armour and
                  | Lehudib's Crystal Spear to your library.
  4573 | D:5      | Learned a level 3 spell: Stone Arrow
  4664 | D:5      | Found a runed translucent gate.
  4665 | D:5      | Found a runed translucent gate.
  4665 | D:5      | Found a runed translucent gate.
  4689 | D:5      | Noticed safid's ghost (novice HOFi)
  5089 | D:6      | Reached XP level 7. HP: 50/50 MP: 15/15
  5150 | D:6      | Noticed a yak
  5151 | D:6      | Noticed a yak
  5151 | D:6      | Noticed a yak
  5256 | D:6      | Reached skill level 2 in Conjurations
  5256 | D:6      | Reached skill level 2 in Summonings
  5256 | D:6      | Reached skill level 2 in Necromancy
  5256 | D:6      | Reached skill level 2 in Translocations
  5256 | D:6      | Reached skill level 2 in Transmutations
  5256 | D:6      | Reached skill level 2 in Fire Magic
  5256 | D:6      | Reached skill level 2 in Ice Magic
  5256 | D:6      | Reached skill level 2 in Air Magic
  5256 | D:6      | Reached skill level 2 in Earth Magic
  5256 | D:6      | Reached skill level 2 in Poison Magic
  5269 | D:6      | Noticed a yak
  5299 | D:5      | Killed a yak
  5386 | D:5      | Killed a yak
  5387 | D:5      | Reached skill level 6 in Hexes
  5387 | D:5      | Reached skill level 3 in Invocations
  5387 | D:5      | Reached XP level 8. HP: 47/57 MP: 16/16
  5444 | D:5      | Killed a yak
  5445 | D:5      | Reached skill level 3 in Fighting
  5445 | D:5      | Reached skill level 4 in Short Blades
  5445 | D:5      | Reached skill level 3 in Long Blades
  5445 | D:5      | Reached skill level 3 in Axes
  5445 | D:5      | Reached skill level 3 in Maces & Flails
  5445 | D:5      | Reached skill level 3 in Polearms
  5445 | D:5      | Reached skill level 3 in Staves
  5445 | D:5      | Reached skill level 3 in Slings
  5445 | D:5      | Reached skill level 3 in Bows
  5445 | D:5      | Reached skill level 3 in Crossbows
  5445 | D:5      | Reached skill level 3 in Throwing
  5445 | D:5      | Reached skill level 3 in Armour
  5445 | D:5      | Reached skill level 3 in Shields
  5445 | D:5      | Reached skill level 3 in Unarmed Combat
  5445 | D:5      | Reached skill level 3 in Evocations
  5509 | D:5      | Killed a yak
  5510 | D:5      | Reached skill level 6 in Spellcasting
  5945 | D:5      | Reached skill level 7 in Stealth
  6485 | D:7      | Reached skill level 3 in Conjurations
  6485 | D:7      | Reached skill level 3 in Summonings
  6485 | D:7      | Reached skill level 3 in Necromancy
  6485 | D:7      | Reached skill level 3 in Translocations
  6485 | D:7      | Reached skill level 3 in Transmutations
  6485 | D:7      | Reached skill level 3 in Fire Magic
  6485 | D:7      | Reached skill level 3 in Ice Magic
  6485 | D:7      | Reached skill level 3 in Air Magic
  6485 | D:7      | Reached skill level 3 in Earth Magic
  6485 | D:7      | Reached skill level 3 in Poison Magic
  6485 | D:7      | Reached skill level 4 in Invocations
  6545 | D:7      | Reached skill level 6 in Dodging
  6648 | D:7      | Reached XP level 9. HP: 65/65 MP: 17/18
  6913 | D:7      | Reached skill level 4 in Fighting
  6913 | D:7      | Reached skill level 4 in Long Blades
  6913 | D:7      | Reached skill level 4 in Axes
  6913 | D:7      | Reached skill level 4 in Maces & Flails
  6913 | D:7      | Reached skill level 4 in Polearms
  6913 | D:7      | Reached skill level 4 in Staves
  6913 | D:7      | Reached skill level 4 in Slings
  6913 | D:7      | Reached skill level 4 in Bows
  6913 | D:7      | Reached skill level 4 in Crossbows
  6913 | D:7      | Reached skill level 4 in Throwing
  6913 | D:7      | Reached skill level 4 in Armour
  6913 | D:7      | Reached skill level 4 in Shields
  6913 | D:7      | Reached skill level 4 in Unarmed Combat
  6913 | D:7      | Reached skill level 4 in Evocations
  7193 | D:7      | Found a staircase to the Ecumenical Temple.
  7200 | D:7      | You pick up a book of Minor Magic and begin reading...
  7200 | D:7      | You add the spells Magic Dart, Call Imp and Mephitic Cloud
                  | to your library.
  7205 | Temple   | Entered the Ecumenical Temple
  7515 | Temple   | Became a worshipper of Vehumet
  7883 | D:7      | Reached skill level 5 in Short Blades
  8231 | D:7      | Reached skill level 5 in Invocations
  8336 | D:7      | Noticed a cyclops
  8337 | D:7      | Noticed a cyclops
  8339 | D:7      | Killed a cyclops
  8340 | D:7      | Reached skill level 7 in Spellcasting
  8342 | D:7      | Killed a cyclops
  8342 | D:7      | Reached * piety under Vehumet
  8342 | D:7      | Offered knowledge of Sandblast by Vehumet.
  8343 | D:7      | Reached skill level 4 in Conjurations
  8343 | D:7      | Reached skill level 4 in Summonings
  8343 | D:7      | Reached skill level 4 in Necromancy
  8343 | D:7      | Reached skill level 4 in Translocations
  8343 | D:7      | Reached skill level 4 in Transmutations
  8343 | D:7      | Reached skill level 4 in Fire Magic
  8343 | D:7      | Reached skill level 4 in Ice Magic
  8343 | D:7      | Reached skill level 4 in Air Magic
  8343 | D:7      | Reached skill level 4 in Earth Magic
  8343 | D:7      | Reached skill level 4 in Poison Magic
  8343 | D:7      | Reached XP level 10. HP: 73/73 MP: 20/20
  8352 | D:7      | Identified the +1 scale mail of Romuluif {-Tele Will- rCorr
                  | Stlth+}
  8388 | D:7      | Reached skill level 5 in Fighting
  8388 | D:7      | Reached skill level 5 in Long Blades
  8388 | D:7      | Reached skill level 5 in Axes
  8388 | D:7      | Reached skill level 5 in Maces & Flails
  8388 | D:7      | Reached skill level 5 in Polearms
  8388 | D:7      | Reached skill level 5 in Staves
  8388 | D:7      | Reached skill level 5 in Slings
  8388 | D:7      | Reached skill level 5 in Bows
  8388 | D:7      | Reached skill level 5 in Crossbows
  8388 | D:7      | Reached skill level 5 in Throwing
  8388 | D:7      | Reached skill level 5 in Armour
  8388 | D:7      | Reached skill level 5 in Shields
  8388 | D:7      | Reached skill level 5 in Unarmed Combat
  8388 | D:7      | Reached skill level 5 in Evocations
  8463 | D:7      | Identified a scroll of acquirement
  8463 | D:7      | Acquired the +7 captain's cutlass {speed, disarm}
  8463 | D:7      | Found the +7 captain's cutlass {speed, disarm}
  9019 | D:8      | Reached skill level 7 in Hexes
  9089 | D:8      | Reached skill level 8 in Stealth
  9122 | D:8      | Reached skill level 7 in Dodging
  9144 | D:8      | You pick up a book of Geomancy and begin reading...
  9155 | D:8      | Learned a level 2 spell: Passwall
  9159 | D:8      | Learned a level 3 spell: Mephitic Cloud
  9289 | D:8      | Noticed Prince Ribbit
  9294 | D:8      | Killed Prince Ribbit
  9485 | D:8      | Reached skill level 6 in Short Blades
  9841 | D:8      | Noticed an oklob plant
  9874 | D:8      | Reached ** piety under Vehumet
  9874 | D:8      | Offered knowledge of Static Discharge by Vehumet.
 10328 | D:8      | Reached skill level 6 in Invocations
 10469 | D:8      | magus.rc [v1.9.6]
 10671 | D:9      | Noticed Joseph
 10855 | D:9      | You pick up a book of Geomancy and begin reading...
 10861 | D:9      | Found Dugyinah's Firing Range.
 10877 | D:9      | Noticed a four-headed hydra
 10883 | D:9      | Killed a four-headed hydra
 11141 | D:9      | Reached skill level 5 in Translocations
 11212 | D:9      | Offered knowledge of Inner Flame by Vehumet.
 11217 | D:9      | Learned a level 3 spell: Inner Flame
 11327 | D:9      | Noticed Pikel
 11353 | D:9      | Killed Pikel
 11354 | D:9      | Reached XP level 11. HP: 77/81 MP: 20/22
 11509 | D:9      | Found a staircase to the Orcish Mines.
 11537 | D:9      | Reached *** piety under Vehumet
 11772 | D:9      | Reached skill level 6 in Fighting
 11772 | D:9      | Reached skill level 6 in Long Blades
 11772 | D:9      | Reached skill level 6 in Axes
 11772 | D:9      | Reached skill level 6 in Maces & Flails
 11772 | D:9      | Reached skill level 6 in Polearms
 11772 | D:9      | Reached skill level 6 in Staves
 11772 | D:9      | Reached skill level 6 in Slings
 11772 | D:9      | Reached skill level 6 in Bows
 11772 | D:9      | Reached skill level 6 in Crossbows
 11772 | D:9      | Reached skill level 6 in Throwing
 11772 | D:9      | Reached skill level 6 in Armour
 11772 | D:9      | Reached skill level 6 in Shields
 11772 | D:9      | Reached skill level 6 in Unarmed Combat
 11772 | D:9      | Reached skill level 6 in Evocations
 12232 | D:9      | Killed Joseph
 12233 | D:9      | Reached skill level 5 in Conjurations
 12233 | D:9      | Reached skill level 5 in Summonings
 12233 | D:9      | Reached skill level 5 in Necromancy
 12233 | D:9      | Reached skill level 5 in Transmutations
 12233 | D:9      | Reached skill level 5 in Fire Magic
 12233 | D:9      | Reached skill level 5 in Ice Magic
 12233 | D:9      | Reached skill level 5 in Air Magic
 12233 | D:9      | Reached skill level 5 in Earth Magic
 12233 | D:9      | Reached skill level 5 in Poison Magic
 12349 | D:9      | Learned a level 4 spell: Hailstorm
 12380 | D:10     | Entered Level 10 of the Dungeon
 12380 | D:10     | Found a transporter.
 12470 | D:10     | Noticed LustLizard's ghost (journeyman MiBe)
 12470 | D:10     | Noticed a deep elf pyromancer
 12578 | D:10     | Reached skill level 8 in Spellcasting
 12582 | D:10     | Offered knowledge of Ignite Poison by Vehumet.
 12782 | D:10     | Noticed a deep elf archer
 12792 | D:10     | Found a transporter.
 12890 | D:10     | Found an opulent altar of Gozag.
 12926 | D:10     | Noticed a two-headed ogre
 12930 | D:10     | Noticed an obsidian statue
 12937 | D:10     | Killed a two-headed ogre
 13177 | D:10     | Noticed a cyclops
 13859 | D:9      | magus.rc [v1.9.6]
 13877 | D:10     | Reached skill level 7 in Invocations
 13959 | D:10     | Reached skill level 7 in Short Blades
 13959 | D:10     | Reached skill level 8 in Dodging
 13959 | D:10     | Reached skill level 6 in Translocations
 14255 | D:10     | Reached **** piety under Vehumet
 14342 | D:10     | Noticed a two-headed ogre
 14375 | D:9      | HP: 19/83 [two-headed ogre/+0 giant club (27)]
 14726 | D:9      | Killed a two-headed ogre
 14727 | D:9      | Reached skill level 9 in Stealth
 14993 | D:10     | Killed a cyclops
 15299 | D:11     | Found Nuughatu's Elemental Accessories.
 15332 | D:11     | Noticed a deep elf pyromancer
 15334 | D:11     | Offered knowledge of Flame Wave by Vehumet.
 15605 | D:11     | Killed a deep elf pyromancer
 15724 | D:11     | Noticed Nergalle
 15730 | D:11     | Killed Nergalle
 15731 | D:11     | Reached skill level 8 in Hexes
 15731 | D:11     | Reached XP level 12. HP: 89/89 MP: 20/24
 16022 | D:11     | Found a staircase to the Lair.
 16371 | Lair:1   | Entered Level 1 of the Lair of Beasts
 16491 | D:11     | Bought a staff of earth for 300 gold pieces
 16589 | Lair:1   | Reached skill level 7 in Fighting
 16589 | Lair:1   | Reached skill level 7 in Long Blades
 16589 | Lair:1   | Reached skill level 7 in Axes
 16589 | Lair:1   | Reached skill level 7 in Maces & Flails
 16589 | Lair:1   | Reached skill level 7 in Polearms
 16589 | Lair:1   | Reached skill level 7 in Staves
 16589 | Lair:1   | Reached skill level 7 in Slings
 16589 | Lair:1   | Reached skill level 7 in Bows
 16589 | Lair:1   | Reached skill level 7 in Crossbows
 16589 | Lair:1   | Reached skill level 7 in Throwing
 16589 | Lair:1   | Reached skill level 7 in Armour
 16589 | Lair:1   | Reached skill level 7 in Shields
 16589 | Lair:1   | Reached skill level 7 in Unarmed Combat
 16589 | Lair:1   | Reached skill level 7 in Evocations
 16876 | Lair:1   | Reached skill level 7 in Translocations
 17668 | Lair:1   | Reached skill level 6 in Conjurations
 17668 | Lair:1   | Reached skill level 6 in Summonings
 17668 | Lair:1   | Reached skill level 6 in Necromancy
 17668 | Lair:1   | Reached skill level 6 in Transmutations
 17668 | Lair:1   | Reached skill level 6 in Fire Magic
 17668 | Lair:1   | Reached skill level 6 in Ice Magic
 17668 | Lair:1   | Reached skill level 6 in Air Magic
 17668 | Lair:1   | Reached skill level 6 in Earth Magic
 17668 | Lair:1   | Reached skill level 6 in Poison Magic
 18179 | Lair:2   | Reached skill level 8 in Invocations
 18325 | Lair:2   | Reached skill level 9 in Spellcasting
 18362 | Lair:2   | Noticed a five-headed hydra
 18376 | Lair:2   | Killed a five-headed hydra
 18376 | Lair:2   | Noticed a six-headed hydra
 18616 | Lair:2   | Killed a six-headed hydra
 18617 | Lair:2   | Reached skill level 8 in Short Blades
 18728 | Lair:2   | Found a staircase to the Snake Pit.
 18730 | Lair:2   | Found a staircase to the Shoals.
 19106 | Lair:2   | Reached skill level 9 in Dodging
 19339 | Lair:2   | Reached ***** piety under Vehumet
 19408 | Lair:2   | Offered knowledge of Airstrike by Vehumet.
 19414 | Lair:2   | Learned a level 4 spell: Airstrike
 19478 | Lair:2   | Reached skill level 8 in Translocations
 19623 | Lair:2   | Reached XP level 13. HP: 98/98 MP: 17/26
 19836 | Lair:2   | You pick up a book of Vapours and begin reading...
 19836 | Lair:2   | You add the spells Poisonous Vapours and Corpse Rot to your
                  | library.
 19915 | Lair:2   | Found a stormy altar of Qazlal.
 20151 | Lair:3   | Reached skill level 10 in Stealth
 20248 | Lair:3   | Noticed Sonja
 20261 | Lair:3   | Killed Sonja
 20509 | Lair:3   | Reached skill level 8 in Fighting
 20509 | Lair:3   | Reached skill level 8 in Long Blades
 20509 | Lair:3   | Reached skill level 8 in Axes
 20509 | Lair:3   | Reached skill level 8 in Maces & Flails
 20509 | Lair:3   | Reached skill level 8 in Polearms
 20509 | Lair:3   | Reached skill level 8 in Staves
 20509 | Lair:3   | Reached skill level 8 in Slings
 20509 | Lair:3   | Reached skill level 8 in Bows
 20509 | Lair:3   | Reached skill level 8 in Crossbows
 20509 | Lair:3   | Reached skill level 8 in Throwing
 20509 | Lair:3   | Reached skill level 8 in Armour
 20509 | Lair:3   | Reached skill level 8 in Shields
 20509 | Lair:3   | Reached skill level 8 in Unarmed Combat
 20509 | Lair:3   | Reached skill level 8 in Evocations
 21706 | Lair:4   | Reached skill level 9 in Invocations
 22531 | Lair:4   | Reached skill level 7 in Conjurations
 22531 | Lair:4   | Reached skill level 9 in Hexes
 22531 | Lair:4   | Reached skill level 7 in Summonings
 22531 | Lair:4   | Reached skill level 7 in Necromancy
 22531 | Lair:4   | Reached skill level 7 in Transmutations
 22531 | Lair:4   | Reached skill level 7 in Fire Magic
 22531 | Lair:4   | Reached skill level 7 in Ice Magic
 22531 | Lair:4   | Reached skill level 7 in Air Magic
 22531 | Lair:4   | Reached skill level 7 in Earth Magic
 22531 | Lair:4   | Reached skill level 7 in Poison Magic
 23487 | Lair:4   | Reached skill level 9 in Translocations
 23501 | Lair:4   | Reached skill level 9 in Short Blades
 24078 | Lair:5   | Reached skill level 10 in Spellcasting
 24217 | Lair:4   | magus.rc [v1.9.6]
 24603 | Lair:5   | Found a viscous altar of Jiyva.
 24604 | Lair:5   | Found a staircase to the Slime Pits.
 25648 | Lair:5   | Reached skill level 10 in Dodging
 25650 | Lair:5   | Reached XP level 14. HP: 106/106 MP: 20/28
 25909 | Lair:6   | Entered Level 6 of the Lair of Beasts
 26337 | Lair:5   | HP: 26/106 [poisoned by a black mamba]
 26342 | Lair:4   | HP: 21/106 [poisoned by a black mamba]
 26818 | Lair:5   | Found a staircase to the Slime Pits.
 26819 | Lair:5   | Found a viscous altar of Jiyva.
 27394 | Lair:5   | Reached skill level 9 in Fighting
 27394 | Lair:5   | Reached skill level 9 in Long Blades
 27394 | Lair:5   | Reached skill level 9 in Axes
 27394 | Lair:5   | Reached skill level 9 in Maces & Flails
 27394 | Lair:5   | Reached skill level 9 in Polearms
 27394 | Lair:5   | Reached skill level 9 in Staves
 27394 | Lair:5   | Reached skill level 9 in Slings
 27394 | Lair:5   | Reached skill level 9 in Bows
 27394 | Lair:5   | Reached skill level 9 in Crossbows
 27394 | Lair:5   | Reached skill level 9 in Throwing
 27394 | Lair:5   | Reached skill level 9 in Armour
 27394 | Lair:5   | Reached skill level 9 in Shields
 27394 | Lair:5   | Reached skill level 9 in Unarmed Combat
 27394 | Lair:5   | Reached skill level 9 in Evocations
 27601 | Lair:6   | Noticed Kirke
 27820 | Lair:6   | Killed Kirke
 28488 | Lair:6   | Reached skill level 10 in Invocations
 29191 | Lair:6   | Reached skill level 11 in Stealth
 29550 | Lair:6   | HP: 25/108 [poison (poison gas)]
 29553 | Lair:6   | HP: 11/108 [poison (poison gas)]
 29557 | Lair:6   | HP: 5/108 [poison (poison gas)]
 29561 | Lair:6   | HP: 2/108 [poison (poison gas)]
 29944 | Lair:6   | You pick up a book of Pain and begin reading...
 29944 | Lair:6   | You add the spells Pain, Agony and Excruciating Wounds to
                  | your library.
 30297 | D:11     | magus.rc [v1.9.6]
 30829 | D:12     | Noticed Maurice
 30837 | D:12     | Killed Maurice
 30903 | D:12     | Found a portal to a secret trove of treasure.
 30910 | D:12     | This trove needs a +6 demon blade to function. Give it the
                  | item?
 30984 | D:12     | Reached skill level 10 in Translocations
 32955 | D:13     | Reached skill level 8 in Conjurations
 32955 | D:13     | Reached skill level 8 in Summonings
 32955 | D:13     | Reached skill level 8 in Necromancy
 32955 | D:13     | Reached skill level 8 in Transmutations
 32955 | D:13     | Reached skill level 8 in Fire Magic
 32955 | D:13     | Reached skill level 8 in Ice Magic
 32955 | D:13     | Reached skill level 8 in Air Magic
 32955 | D:13     | Reached skill level 8 in Earth Magic
 32955 | D:13     | Reached skill level 8 in Poison Magic
 33416 | D:13     | Reached skill level 10 in Short Blades
 33466 | D:13     | Found a gate to the Vaults.
 34174 | Orc:1    | Entered Level 1 of the Orcish Mines
 34571 | D:9      | Reached XP level 15. HP: 98/115 MP: 21/29
 34857 | Orc:1    | Found Xouxaviqua's General Store.
 34859 | Orc:1    | Found Tehymya's Specific Store.
 34967 | Orc:2    | Entered Level 2 of the Orcish Mines
 34969 | Orc:2    | Found a staircase to the Elven Halls.
 34991 | Orc:1    | Reached skill level 11 in Spellcasting
 35334 | Orc:2    | Offered knowledge of Sticky Flame by Vehumet.
 35529 | Orc:2    | Found Imudyla's Antique Armour Shop.
 35809 | Orc:2    | Reached skill level 10 in Hexes
 36361 | Orc:2    | Noticed an orc warlord
 36372 | Orc:2    | Killed an orc warlord
 36373 | Orc:2    | Reached skill level 10 in Fighting
 36373 | Orc:2    | Reached skill level 10 in Long Blades
 36373 | Orc:2    | Reached skill level 10 in Axes
 36373 | Orc:2    | Reached skill level 10 in Maces & Flails
 36373 | Orc:2    | Reached skill level 10 in Polearms
 36373 | Orc:2    | Reached skill level 10 in Staves
 36373 | Orc:2    | Reached skill level 10 in Slings
 36373 | Orc:2    | Reached skill level 10 in Bows
 36373 | Orc:2    | Reached skill level 10 in Crossbows
 36373 | Orc:2    | Reached skill level 10 in Throwing
 36373 | Orc:2    | Reached skill level 10 in Armour
 36373 | Orc:2    | Reached skill level 11 in Dodging
 36373 | Orc:2    | Reached skill level 10 in Shields
 36373 | Orc:2    | Reached skill level 10 in Unarmed Combat
 36373 | Orc:2    | Reached skill level 10 in Evocations
 37176 | Orc:2    | Found Hiq Cus's General Store.
 37323 | Orc:2    | Found Noesoe's Book Emporium.
 37434 | Orc:2    | Found Eghekkal's Antique Weapon Boutique.
 37619 | Orc:2    | Bought a manual of Stealth for 1280 gold pieces
 37686 | Orc:2    | Reached skill level 11 in Translocations
 37686 | Orc:2    | Reached skill level 11 in Invocations
 38553 | D:14     | Found a gate leading to a gauntlet.
 38592 | Gauntlet | Entered a Gauntlet
 38592 | Gauntlet | Found a transporter.
 38592 | Gauntlet | Found a transporter.
 38592 | Gauntlet | Found a transporter.
 38602 | Gauntlet | Found a transporter.
 38605 | Gauntlet | Found a transporter.
 38611 | Gauntlet | Found a runed translucent gate.
 38613 | Gauntlet | Found a transporter.
 38614 | Gauntlet | Found a runed translucent gate.
 38615 | Gauntlet | Found a runed translucent gate.
 38616 | Gauntlet | Found a transporter.
 38627 | Gauntlet | Found a transporter.
 38642 | Gauntlet | Found a transporter.
 38659 | Gauntlet | Found a transporter.
 38662 | Gauntlet | Found a transporter.
 38664 | Gauntlet | Found a runed translucent gate.
 38664 | Gauntlet | Found a runed translucent gate.
 38664 | Gauntlet | Found a runed translucent gate.
 38665 | Gauntlet | Found a large runed translucent door.
 38665 | Gauntlet | Found a large runed translucent door.
 38666 | Gauntlet | Found a large runed translucent door.
 38666 | Gauntlet | Found a large runed translucent door.
 38667 | Gauntlet | Found a large runed translucent door.
 38668 | Gauntlet | Found a large runed translucent door.
 38670 | Gauntlet | Found a large runed translucent door.
 38670 | Gauntlet | Found a large runed translucent door.
 38674 | Gauntlet | Found a large runed translucent door.
 38674 | Gauntlet | Found a large runed translucent door.
 38674 | Gauntlet | Found a runed translucent door.
 38674 | Gauntlet | Found a runed translucent door.
 38675 | Gauntlet | Found a large runed translucent door.
 38676 | Gauntlet | Found a large runed translucent door.
 38678 | Gauntlet | Found a transporter.
 38717 | Gauntlet | Found a large runed translucent door.
 38718 | Gauntlet | Found a large runed translucent door.
 38719 | Gauntlet | Found a large runed translucent door.
 38719 | Gauntlet | Found a large runed translucent door.
 38793 | Gauntlet | Identified the +5 ring mail "Uhuedefa" {rPois SInv}
 39121 | Gauntlet | Identified the +8 ice dragon scales of Wamurr {rF- rC++
                  | Int+2}
 39166 | Gauntlet | Found the +2 Maxwell's thermic engine {flame, freeze}
 39208 | Gauntlet | You pick up a book of Alchemy and begin reading...
 39208 | Gauntlet | You add the spells Sublimation of Blood, Petrify and
                  | Irradiate to your library.
 39322 | D:14     | Found a hide-covered altar of Uskayaw.
 39743 | D:14     | Reached skill level 12 in Stealth
 39791 | D:14     | You pick up a book of Flames and begin reading...
 39791 | D:14     | You add the spells Foxfire, Conjure Flame and Flame Wave to
                  | your library.
 39908 | D:15     | Entered Level 15 of the Dungeon
 41195 | D:15     | Found a staircase to the Depths.
 41225 | D:15     | HP: 25/116 [death knight/+2 great sword (28)]
 41946 | D:15     | Found a staircase to the Depths.
 42620 | Snake:1  | Entered Level 1 of the Snake Pit
 42622 | Snake:1  | Found a runed translucent door.
 42628 | Snake:1  | Noticed mortz's ghost (adept DgCj)
 42672 | Snake:1  | Offered knowledge of Freezing Cloud by Vehumet.
 42673 | Snake:1  | Reached XP level 16. HP: 123/123 MP: 31/31
 42691 | Snake:1  | Learned a level 5 spell: Freezing Cloud
 42696 | Snake:1  | Learned a level 4 spell: Flame Wave
 42702 | Snake:1  | Learned a level 5 spell: Irradiate
 43025 | Snake:1  | Reached skill level 11 in Short Blades
 43044 | Snake:1  | Reached skill level 9 in Conjurations
 43044 | Snake:1  | Reached skill level 9 in Summonings
 43044 | Snake:1  | Reached skill level 9 in Necromancy
 43044 | Snake:1  | Reached skill level 9 in Transmutations
 43044 | Snake:1  | Reached skill level 9 in Fire Magic
 43044 | Snake:1  | Reached skill level 9 in Ice Magic
 43044 | Snake:1  | Reached skill level 9 in Air Magic
 43044 | Snake:1  | Reached skill level 9 in Earth Magic
 43044 | Snake:1  | Reached skill level 9 in Poison Magic
 44124 | Snake:1  | Identified the +4 trident of Due Proportion {vorpal, Fly
                  | Int+3 Dex+4}
 44209 | Snake:1  | Noticed Azrael
 44598 | Snake:1  | Reached skill level 13 in Stealth
 44598 | Snake:1  | HP: 30/124 [fire elemental[Azrael] (11)]
 44605 | Snake:1  | HP: 31/124 [fire elemental[Azrael] (1)]
 44950 | Snake:1  | Killed Azrael
 44951 | Snake:1  | Reached skill level 12 in Translocations
 45189 | Snake:1  | Killed mortz's ghost
 45190 | Snake:1  | Reached skill level 12 in Spellcasting
 45198 | Snake:1  | Identified the +4 mace "Leuqiom" {drain, *Noise rC- Int+8
                  | SInv}
 45245 | Snake:1  | magus.rc [v1.9.6]
 45444 | Orc:2    | Bought a pair of embroidered gloves for 187 gold pieces
 45472 | Orc:2    | Bought a glowing cloak for 187 gold pieces
 45472 | Orc:2    | Bought a glowing cloak for 187 gold pieces
 45707 | Snake:2  | Found Seffenedd's Antique Armour Boutique.
 46119 | Snake:2  | Found Keluseg's Armour Boutique.
 46159 | Snake:2  | Found a bloodstained altar of Trog.
 46160 | Snake:2  | Noticed mif's ghost (journeyman MiBe)
 46165 | Snake:2  | Found a transporter.
 46167 | Snake:2  | Found a transporter.
 46403 | Snake:2  | Reached skill level 11 in Fighting
 46403 | Snake:2  | Reached skill level 11 in Long Blades
 46403 | Snake:2  | Reached skill level 11 in Axes
 46403 | Snake:2  | Reached skill level 11 in Maces & Flails
 46403 | Snake:2  | Reached skill level 11 in Polearms
 46403 | Snake:2  | Reached skill level 11 in Staves
 46403 | Snake:2  | Reached skill level 11 in Slings
 46403 | Snake:2  | Reached skill level 11 in Bows
 46403 | Snake:2  | Reached skill level 11 in Crossbows
 46403 | Snake:2  | Reached skill level 11 in Throwing
 46403 | Snake:2  | Reached skill level 11 in Armour
 46403 | Snake:2  | Reached skill level 11 in Shields
 46403 | Snake:2  | Reached skill level 11 in Unarmed Combat
 46403 | Snake:2  | Reached skill level 11 in Evocations
 46621 | Snake:2  | Found Huol's Weapon Shoppe.
 46621 | Snake:2  | Found Maezumed's Antique Weapon Emporium.
 46824 | Snake:2  | Found Ashur's Distillery.
 47392 | Snake:2  | magus.rc [v1.9.6]
 47709 | Snake:2  | Reached skill level 12 in Invocations
 48109 | Snake:3  | Reached skill level 12 in Dodging
 50006 | Snake:3  | Reached skill level 11 in Hexes
 50134 | Snake:3  | Offered knowledge of Lightning Bolt by Vehumet.
 50555 | Snake:3  | Reached XP level 17. HP: 131/131 MP: 31/33
 51309 | Shoals:1 | Entered Level 1 of the Shoals
 51573 | Shoals:1 | Identified the +1 plate armour "Huits" {rElec Str-2 Int+6}
 52018 | Shoals:1 | HP: 28/131 [merfolk aquamancer/ball of steam (22)]
 52033 | Shoals:1 | HP: 29/131 [merfolk/+2 trident of freezing (4)]
 52044 | Lair:2   | HP: 29/131 [drowned by a water elemental (2)]
 52049 | Lair:2   | HP: 15/131 [drowned by a water elemental (3)]
 52054 | Lair:2   | HP: 14/131 [drowned by a water elemental (4)]
 52521 | Shoals:1 | magus.rc [v1.9.6]
 52548 | Shoals:1 | Noticed a kraken
 52753 | Shoals:1 | You add the spells Passage of Golubria and Yara's Violent
                  | Unravelling to your library.
 52791 | Shoals:1 | Reached skill level 14 in Stealth
 53174 | Shoals:1 | Found a transporter.
 53176 | Shoals:1 | Found a transporter.
 53176 | Shoals:1 | Found the +3 Elemental Staff {rElec rF++ rC++ AC+5}
 53178 | Shoals:1 | Noticed wrshamilton's ghost (adept GnBr)
 53182 | Shoals:1 | Noticed a kraken
 53183 | Shoals:1 | Identified the ring of Disaster {rF+ Str+2 Stlth+}
 53788 | Shoals:1 | Found a transporter.
 53792 | Shoals:1 | Found a transporter.
 54615 | Shoals:1 | magus.rc [v1.9.6]
 54615 | Shoals:1 | magus.rc [v1.9.6]
 54617 | Shoals:1 | magus.rc [v1.9.6]
 54935 | Shoals:2 | You pick up a book of Air and begin reading...
 54948 | Shoals:1 | magus.rc [v1.9.6]
 55896 | Shoals:2 | Found a runed translucent door.
 55911 | Shoals:2 | Reached skill level 12 in Short Blades
 55911 | Shoals:2 | Reached skill level 13 in Translocations
 55914 | Shoals:2 | Noticed Ufyddiap's ghost (adept GrEE)
 56045 | Shoals:1 | magus.rc [v1.9.6]
 56657 | Shoals:2 | magus.rc [v1.9.6]
 56783 | Snake:4  | Entered Level 4 of the Snake Pit
 57245 | Snake:4  | Found Zaxedylu's Armour Emporium.
 57718 | Snake:4  | Reached skill level 10 in Conjurations
 57718 | Snake:4  | Reached skill level 10 in Summonings
 57718 | Snake:4  | Reached skill level 10 in Necromancy
 57718 | Snake:4  | Reached skill level 10 in Transmutations
 57718 | Snake:4  | Reached skill level 10 in Fire Magic
 57718 | Snake:4  | Reached skill level 10 in Ice Magic
 57718 | Snake:4  | Reached skill level 10 in Air Magic
 57718 | Snake:4  | Reached skill level 10 in Earth Magic
 57718 | Snake:4  | Reached skill level 10 in Poison Magic
 58177 | Snake:4  | Found the +9 scales of the Dragon King {rPois rF+ rC+
                  | Will+}
 58537 | Snake:4  | Reached skill level 13 in Invocations
 58577 | Snake:4  | Reached skill level 12 in Fighting
 58577 | Snake:4  | Reached skill level 12 in Long Blades
 58577 | Snake:4  | Reached skill level 12 in Axes
 58577 | Snake:4  | Reached skill level 12 in Maces & Flails
 58577 | Snake:4  | Reached skill level 12 in Polearms
 58577 | Snake:4  | Reached skill level 12 in Staves
 58577 | Snake:4  | Reached skill level 12 in Slings
 58577 | Snake:4  | Reached skill level 12 in Bows
 58577 | Snake:4  | Reached skill level 12 in Crossbows
 58577 | Snake:4  | Reached skill level 12 in Throwing
 58577 | Snake:4  | Reached skill level 12 in Armour
 58577 | Snake:4  | Reached skill level 12 in Shields
 58577 | Snake:4  | Reached skill level 12 in Unarmed Combat
 58577 | Snake:4  | Reached skill level 12 in Evocations
 58672 | Snake:4  | Noticed a quicksilver dragon
 58860 | Snake:4  | Noticed a quicksilver dragon
 58892 | Snake:3  | Killed a quicksilver dragon
 58987 | Snake:3  | Killed a quicksilver dragon
 58988 | Snake:3  | Reached skill level 13 in Spellcasting
 59299 | Snake:4  | Reached XP level 18. HP: 140/140 MP: 34/35
 59388 | Snake:4  | Got a serpentine rune of Zot
 59564 | Snake:4  | magus.rc [v1.9.6]
 60053 | Shoals:3 | Reached skill level 15 in Stealth
 60161 | Shoals:3 | You add the spells Summon Forest, Eringya's Noxious Bog and
                  | Summon Hydra to your library.
 60171 | Shoals:2 | Learned a level 5 spell: Lightning Bolt
 60192 | Shoals:3 | Found Apiqet's Weapon Shoppe.
 60433 | Shoals:3 | Offered knowledge of Ozocubu's Refrigeration by Vehumet.
 60718 | Shoals:3 | Reached skill level 13 in Dodging
 61169 | Shoals:3 | magus.rc [v1.9.6]
 61725 | Shoals:3 | Identified the +0 animal skin of Lachrymose Happiness {rN+
                  | Str+5}
 61884 | Shoals:4 | Entered Level 4 of the Shoals
 62271 | Shoals:4 | Identified the +0 ring mail "Guoptor" {Fly rF- rCorr
                  | Stlth-}
 62424 | Shoals:4 | You add the spells Static Discharge, Summon Guardian Golem,
                  | Conjure Ball Lightning and Summon Horrible Things to your
                  | library.
 62424 | Shoals:4 | Got Sif Muna's Handbook of Creative Lightness
 62965 | Shoals:4 | Noticed Polyphemus
 63248 | Shoals:3 | magus.rc [v1.9.6]
 63370 | Shoals:3 | magus.rc [v1.9.6]
 63632 | Shoals:4 | Noticed Mara
 63885 | Shoals:4 | Killed Polyphemus
 63886 | Shoals:4 | Reached skill level 14 in Translocations
 64075 | Shoals:4 | Noticed mortz's illusion
 64986 | Shoals:4 | Reached ****** piety under Vehumet
 65207 | Shoals:4 | Got a barnacled rune of Zot
 65280 | Shoals:4 | Reached skill level 12 in Hexes
 65370 | Shoals:4 | Found a runed translucent door.
 65381 | Shoals:4 | Identified the +3 short sword of the Vestibule of Hell
                  | {vorpal, Str+5 Stlth+}
 65389 | Shoals:4 | Noticed jujuben's ghost (adept MfGl)
 65872 | Vaults:1 | Entered Level 1 of the Vaults
 65939 | Vaults:1 | Offered knowledge of Iskenderun's Battlesphere by Vehumet.
 65959 | D:13     | Learned a level 5 spell: Iskenderun's Battlesphere
 66608 | Vaults:1 | You are cast into the Abyss!
 66608 | Vaults:1 | Cast into level 2 of the Abyss (a wizard)
 66631 | Vaults:1 | You pass through the gate.
 66631 | Vaults:1 | Escaped the Abyss
 66753 | Vaults:1 | Reached skill level 13 in Short Blades
 67150 | Vaults:1 | You pick up a book of Lightning and begin reading...
 67358 | D:13     | magus.rc [v1.9.6]
 67522 | Vaults:1 | Reached skill level 16 in Stealth
 67522 | Vaults:1 | Reached XP level 19. HP: 101/148 MP: 25/36
 68020 | Vaults:1 | Reached skill level 14 in Invocations
 68212 | D:13     | magus.rc [v1.9.6]
 68781 | Vaults:1 | Reached skill level 11 in Conjurations
 68781 | Vaults:1 | Reached skill level 11 in Summonings
 68781 | Vaults:1 | Reached skill level 11 in Necromancy
 68781 | Vaults:1 | Reached skill level 11 in Transmutations
 68781 | Vaults:1 | Reached skill level 11 in Fire Magic
 68781 | Vaults:1 | Reached skill level 11 in Ice Magic
 68781 | Vaults:1 | Reached skill level 11 in Air Magic
 68781 | Vaults:1 | Reached skill level 11 in Earth Magic
 68781 | Vaults:1 | Reached skill level 11 in Poison Magic
 69127 | Vaults:1 | Reached skill level 13 in Fighting
 69127 | Vaults:1 | Reached skill level 13 in Long Blades
 69127 | Vaults:1 | Reached skill level 13 in Axes
 69127 | Vaults:1 | Reached skill level 13 in Maces & Flails
 69127 | Vaults:1 | Reached skill level 13 in Polearms
 69127 | Vaults:1 | Reached skill level 13 in Staves
 69127 | Vaults:1 | Reached skill level 13 in Slings
 69127 | Vaults:1 | Reached skill level 13 in Bows
 69127 | Vaults:1 | Reached skill level 13 in Crossbows
 69127 | Vaults:1 | Reached skill level 13 in Throwing
 69127 | Vaults:1 | Reached skill level 13 in Armour
 69127 | Vaults:1 | Reached skill level 13 in Shields
 69127 | Vaults:1 | Reached skill level 13 in Unarmed Combat
 69127 | Vaults:1 | Reached skill level 13 in Evocations
 69405 | Vaults:1 | magus.rc [v1.9.6]
 69849 | Vaults:1 | You pick up a book of Winter and begin reading...
 69849 | Vaults:1 | You add the spells Ozocubu's Armour, Metabolic Englaciation
                  | and Simulacrum to your library.
 70202 | Vaults:2 | Offered knowledge of Spellforged Servitor by Vehumet.
 70209 | Vaults:2 | Reached skill level 14 in Spellcasting
 70212 | Vaults:2 | HP: 31/149 [ironbound thunderhulk/bolt of lightning (54)]
 70215 | Vaults:2 | Killed from afar by an ironbound thunderhulk

Vanquished Creatures
  2 quicksilver dragons (Snake:3)
  Polyphemus (Shoals:4)
  Kirke (Lair:6)
  The ghost of mortz the Destroyer, an adept DgCj (Snake:1)
  3 nagarajas (Snake:4)
  2 orc warlords
  A vault warden (Vaults:1)
  2 ironbound thunderhulks (Vaults:1)
  4 ironbound preservers
  A very ugly thing (Vaults:1)
  Azrael (Snake:1)
  3 dire elephants
  A minotaur (Gauntlet)
  2 fire dragons
  4 merfolk impalers
  6 merfolk javelineers
  2 yaktaur captains (Vaults:1)
  10 salamander tyrants
  2 boulder beetles (Vaults:1)
  An ice dragon (Shoals:3)
  A rakshasa (D:13)
  A hell beast (Gauntlet)
  8 naga warriors
  A catoblepas (Shoals:4)
  5 hydras
  9 anacondas
  5 two-headed ogres
  3 merfolk avatars
  A death knight (D:15)
  5 merfolk aquamancers
  7 centaur warriors
  An ironbound frostheart (Vaults:1)
  An alligator snapping turtle (Shoals:3)
  A satyr (Shoals:4)
  A tengu warrior (D:15)
  6 death yaks
  A death scarab (Gauntlet)
  3 orc high priests (Orc:2)
  4 shock serpents
  9 naga sharpshooters
  Nergalle (D:11)
  Sonja (Lair:3)
  A fire crab (D:14)
  A fire crab (shapeshifter) (D:13)
  11 sea snakes
  5 salamander mystics
  15 deep trolls
  3 naga ritualists (Snake:3)
  A swamp dragon (Lair:6)
  3 lindwurms (Vaults:1)
  A necromancer (D:15)
  2 phantasmal warriors
  Pikel (D:9)
  A wolf spider zombie (D:15)
  11 orc knights
  5 wizards (Vaults:1)
  6 mana vipers
  7 harpies
  3 ironbound convokers (Vaults:1)
  An orc sorcerer (Orc:2)
  5 deep elf pyromancers
  An oklob plant (Lair:5)
  24 ugly things
  19 manticores
  15 fauns
  12 cyclopes
  38 salamanders
  4 merfolk sirens
  10 elephants
  28 black mambas
  Maurice (D:12)
  2 torpor snails
  7 water nymphs
  2 guardian serpents
  Joseph (D:9)
  A vault sentinel (Vaults:1)
  15 naga magi
  9 cane toads
  A gargoyle (D:13)
  12 yaktaurs (Vaults:1)
  An efreet (D:14)
  5 rime drakes
  14 komodo dragons
  A tengu conjurer (D:14)
  A freezing wraith (D:15)
  A troll (shapeshifter) (Gauntlet)
  3 meliai (Lair:4)
  A queen bee (Lair:4)
  A queen bee (shapeshifter) (D:13)
  6 trolls
  39 merfolk
  4 wind drakes
  A polar bear (Lair:2)
  3 wolf spider simulacra (D:13)
  A hornet (D:8)
  A wind drake (shapeshifter) (D:13)
  8 blink frogs
  28 slime creatures
  Prince Ribbit (D:8)
  13 snapping turtles
  8 dream sheep
  A spectral dream sheep (Gauntlet)
  A jumping spider (shapeshifter) (D:14)
  A meliai zombie (D:10)
  A spriggan (shapeshifter) (D:14)
  3 centaur simulacra
  2 vampires
  6 basilisks
  2 wraiths
  7 water elementals
  43 yaks
  9 wyverns
  6 hogs
  3 steam dragons
  4 vampire mosquitoes (D:12)
  3 fire elementals
  21 nagas
  2 wargs (Orc:1)
  2 acid dragons
  16 water moccasins
  8 black bears
  4 hell hounds
  5 swamp drakes
  2 ice beasts
  48 orc warriors
  A sky beast (D:7)
  6 wolves
  A hornet zombie (D:15)
  7 ogres
  3 boggarts (Vaults:2)
  14 centaurs
  A lemure (D:9)
  2 kobold brigands
  16 bullfrogs
  A gnoll sergeant (D:7)
  A scorpion (D:6)
  35 killer bees
  5 wights
  A vampire bat (D:8)
  2 howler monkeys
  7 electric eels
  A bullfrog zombie (D:7)
  A centaur zombie (D:7)
  2 lava snakes (Snake:1)
  3 hounds
  7 jellies (D:8)
  18 orc priests
  4 centaur skeletons
  9 iguanas
  A scorpion zombie (D:5)
  29 orc wizards
  7 hell rats
  A hound skeleton (D:4)
  A howler monkey zombie (D:8)
  3 adders (D:4)
  8 gnolls
  A shadow imp (D:4)
  5 white imps
  An ufetubus (D:7)
  An adder skeleton (D:4)
  2 dart slugs
  3 worms
  65 orcs
  5 ball pythons
  15 bats
  29 endoplasms
  2 giant cockroaches
  6 goblins
  6 hobgoblins
  2 quokkas (D:1)
  2 frilled lizards (D:3)
  16 kobolds
  10 rats
  A bush (Shoals:3)
  6 tentacles (Shoals:1)
1127 creatures vanquished.

Vanquished Creatures (collateral kills)
  An ironbound preserver (Vaults:2)
1 creature vanquished.

Vanquished Creatures (others)
  85 fungi
  263 plants
  28 tentacles (Shoals:1)
376 creatures vanquished.

Grand Total: 1504 creatures vanquished

Table legend:
 A = Non-vault XP
 B = Vault XP
 C = Vault XP percentage of total XP
 D = Non-vault monster count
 E = Vault monster count
 F = Vault count percentage of total count
                 A         B        C        D         E       F
            +---------+---------+-------+---------+---------+-------
      Total |  233307 |  124092 |  34.7 |     763 |     357 |  31.9
            +---------+---------+-------+---------+---------+-------
        D:1 |      36 |       8 |  18.2 |      18 |       7 |  28.0
        D:2 |      25 |       0 |   0.0 |      15 |       0 |   0.0
        D:3 |      33 |       0 |   0.0 |      16 |       0 |   0.0
        D:4 |     165 |      25 |  13.2 |      15 |       6 |  28.6
        D:5 |    1289 |       0 |   0.0 |      19 |       0 |   0.0
        D:6 |     496 |       0 |   0.0 |       8 |       0 |   0.0
        D:7 |     957 |    2282 |  70.5 |      14 |      20 |  58.8
        D:8 |    1398 |     999 |  41.7 |      18 |      37 |  67.3
        D:9 |    3565 |    2612 |  42.3 |      33 |      21 |  38.9
       D:10 |    3197 |    1563 |  32.8 |      15 |      19 |  55.9
       D:11 |    1406 |    1233 |  46.7 |      12 |       5 |  29.4
       D:12 |    5876 |    1633 |  21.7 |      20 |       4 |  16.7
       D:13 |    9823 |    3672 |  27.2 |      23 |      15 |  39.5
       D:14 |    4600 |    1379 |  23.1 |      11 |       2 |  15.4
       D:15 |    9979 |    4253 |  29.9 |      20 |       9 |  31.0
     Lair:1 |    5178 |       0 |   0.0 |      26 |       0 |   0.0
     Lair:2 |    7786 |    1310 |  14.4 |      28 |       4 |  12.5
     Lair:3 |    3511 |    1282 |  26.7 |      14 |       9 |  39.1
     Lair:4 |    7595 |    2103 |  21.7 |      26 |      18 |  40.9
     Lair:5 |    7875 |    1336 |  14.5 |      21 |       5 |  19.2
     Lair:6 |    4188 |    6957 |  62.4 |      21 |      23 |  52.3
   Shoals:1 |   13646 |       0 |   0.0 |      31 |       0 |   0.0
   Shoals:2 |   11978 |       0 |   0.0 |      26 |       0 |   0.0
   Shoals:3 |   15358 |    5774 |  27.3 |      31 |       8 |  20.5
   Shoals:4 |   13938 |   17650 |  55.9 |      31 |      29 |  48.3
    Snake:1 |   12619 |   10575 |  45.6 |      27 |      20 |  42.6
    Snake:2 |    8750 |       0 |   0.0 |      18 |       0 |   0.0
    Snake:3 |   27618 |    3244 |  10.5 |      51 |       2 |   3.8
    Snake:4 |   11960 |   17992 |  60.1 |      23 |      22 |  48.9
      Orc:1 |    2389 |    2491 |  51.0 |      31 |       7 |  18.4
      Orc:2 |    5366 |    6799 |  55.9 |      49 |      20 |  29.0
   Vaults:1 |   25623 |   20865 |  44.9 |      43 |      35 |  44.9
   Vaults:2 |    5084 |    2572 |  33.6 |       9 |       3 |  25.0
   Gauntlet |       0 |    3483 | 100.0 |       0 |       7 | 100.0
            +---------+---------+-------+---------+---------+-------

Illustrated notes

Table legend:
 A = Kills in this place as a percentage of kills in entire the game.
 B = Kills by you in this place as a percentage of kills by you in the entire game.
 C = Kills by friends in this place as a percentage of kills by friends in the entire game.
 D = Other kills in this place as a percentage of other kills in the entire game.
 E = Experience gained in this place as a percentage of experience gained in the entire game.
 F = Experience gained in this place divided by the number of levels of this place that you have seen.
                   A       B       C       D       E      F
               +-------+-------+-------+-------+-------+----------------------
         Total | 100.0 | 100.0 | 100.0 | 100.0 | 100.0 | 9659.4
       Dungeon |  35.9 |  36.2 |   0.0 |   0.0 |  17.5 | 4166.9
          Lair |  17.4 |  17.5 |   0.0 |   0.0 |  13.7 | 8186.8
        Shoals |  13.9 |  14.0 |   0.0 |   0.0 |  21.9 | 19586.0
     Snake Pit |  14.6 |  14.7 |   0.0 |   0.0 |  26.0 | 23189.5
  Orcish Mines |   9.6 |   9.6 |   0.0 |   0.0 |   4.8 | 8522.5
        Vaults |   8.0 |   7.4 | 100.0 | 100.0 |  15.1 | 27072.0
      Gauntlet |   0.6 |   0.6 |   0.0 |   0.0 |   1.0 | 3483.0
               +-------+-------+-------+-------+-------+----------------------

Table legend: (Time is in decaauts)
 A = Elapsed time spent in this place.
 B = Non-inter-level travel time spent in this place.
 C = Inter-level travel time spent in this place.
 D = Time resting spent in this place.
 E = Time spent auto-exploring this place.
 F = Levels seen in this place.
 G = Mean time per level.
                   A        B        C        D        E       F      G
               +--------+--------+--------+--------+--------+-----+--------+
         Total |  70203 |  65285 |   4918 |  15282 |  33654 |  37 | 1897.4 |
       Dungeon |  25205 |  22620 |   2585 |   2910 |  15436 |  15 | 1680.3 |
        Temple |    332 |    299 |     33 |      0 |    277 |   1 |  332.0 |
          Lair |  15067 |  14076 |    991 |   3313 |   8339 |   6 | 2511.2 |
        Shoals |  10724 |  10437 |    287 |   4794 |   1934 |   4 | 2681.0 |
     Snake Pit |  11005 |  10172 |    833 |   2866 |   3750 |   4 | 2751.2 |
  Orcish Mines |   3666 |   3524 |    142 |    638 |   2166 |   2 | 1833.0 |
        Vaults |   3553 |   3507 |     46 |    761 |   1457 |   2 | 1776.5 |
         Abyss |     22 |     22 |      0 |      0 |      0 |   2 |   11.0 |
      Gauntlet |    626 |    626 |      0 |      0 |    293 |   1 |  626.0 |
               +--------+--------+--------+--------+--------+-----+--------+

Top non-repeatable levels by time:
Vaults:1: 3510 daAuts
 Snake:3: 3437 daAuts
     D:9: 3320 daAuts
Shoals:3: 3292 daAuts
  Lair:2: 3282 daAuts
Shoals:1: 3130 daAuts
  Lair:5: 2869 daAuts
 Snake:2: 2833 daAuts
 Snake:1: 2757 daAuts
  Lair:6: 2657 daAuts
    D:13: 2473 daAuts
Shoals:2: 2303 daAuts
  Lair:4: 2160 daAuts
    D:15: 2114 daAuts
  Lair:1: 2077 daAuts
